[ AOE2 MATCH · #506194192 ]
UnrankedTurks vs Japanese
Player's team · LOSS
Rival team · WIN
[ REPLAY ANALYSIS · EXTRACTED FROM THE RECORDED GAME ]
Feudal
9:15
Castle
21:06
Imperial
38:43
| APM avg | 57.2 |
| APM peak | 90 |
| eAPM avg | 27.5 |
| Villagers / military | 313 / 475 |
Focus
⚔️ 40.2% · 🌾 59.8%
Scout Cavalry ×258 · Cavalry Archer ×89 · Skirmisher ×72 · Archer ×29 · Mangonel ×10 · Bombard Cannon ×5
Feudal
11:25
Castle
22:43
Imperial
49:49
| APM avg | 92.2 |
| APM peak | 149 |
| eAPM avg | 66.8 |
| Villagers / military | 220 / 435 |
Focus
⚔️ 75.0% · 🌾 25.0%
Spearman ×248 · Cavalry Archer ×131 · Skirmisher ×30 · Mangonel ×6 · Archer ×5 · Trebuchet (Packed) ×5
Match map
Initial resources + every placement click. Lines = walls · curves = elevation contours. ◆ gold · ⬟ stone · ● berries · ✦ relic · ◌ wall gap
Your base· Open — opponent sealed themselves in
streetpete's base· ✓ Closed at 22:43 · 45t walls · 1 gate(s)
Smoothed initial terrain · ◌ = detected wall gap · hover for details
Inputs per minute
— DK | Mauseren - - streetpete
Build order — DK | Mauseren
First 150 of 873 actions detected
| 0:00 | Queue | Villager (Male) |
| 0:00 | Queue | Villager (Male) |
| 0:01 | Queue | Villager (Male) |
| 0:01 | Build | House |
| 0:02 | Build | House |
| 0:05 | Queue | Villager (Male) |
| 1:15 | Queue | Villager (Male) |
| 1:49 | Queue | Villager (Male) |
| 1:53 | Build | Lumber Camp |
| 2:29 | Queue | Villager (Male) |
| 2:54 | Queue | Villager (Male) |
| 3:13 | Queue | Villager (Male) |
| 3:37 | Queue | Villager (Male) |
| 3:51 | Queue | Villager (Male) |
| 3:58 | Build | House |
| 3:59 | Build | Palisade Wall |
| 4:10 | Queue | Villager (Male) |
| 4:18 | Queue | Villager (Male) |
| 4:48 | Queue | Villager (Male) |
| 5:24 | Queue | Villager (Male) |
| 5:28 | Build | Palisade Wall |
| 5:28 | Build | Palisade Wall |
| 5:31 | Build | Mining Camp |
| 5:34 | Build | Palisade Wall |
| 5:34 | Build | Palisade Wall |
| 5:35 | Build | Palisade Wall |
| 5:45 | Queue | Villager (Male) |
| 6:01 | Build | House |
| 6:24 | Research | Loom |
| 6:35 | Build | Palisade Wall |
| 6:36 | Build | Palisade Wall |
| 6:36 | Build | Palisade Wall |
| 6:58 | Research | Feudal Age |
| 7:46 | Build | Barracks |
| 8:39 | Queue | Villager (Male) |
| 8:54 | Build | Palisade Wall |
| 9:15 | Age | Feudal Age |
| 9:16 | Build | Archery Range |
| 9:18 | Queue | Villager (Male) |
| 9:21 | Research | Double-Bit Axe |
| 9:30 | Queue | Villager (Male) |
| 9:55 | Queue | Archer |
| 9:56 | Queue | Archer |
| 10:13 | Queue | Villager (Male) |
| 10:20 | Queue | Villager (Male) |
| 10:34 | Build | House |
| 10:37 | Build | House |
| 10:43 | Queue | Archer |
| 10:54 | Build | Mill |
| 10:55 | Queue | Archer |
| 11:09 | Queue | Villager (Male) |
| 11:16 | Build | Blacksmith |
| 11:28 | Build | Watch Tower |
| 11:36 | Build | Watch Tower |
| 11:40 | Queue | Archer |
| 11:44 | Queue | Villager (Male) |
| 11:47 | Build | Farm |
| 11:47 | Queue | Villager (Male) |
| 11:48 | Build | Farm |
| 12:00 | Build | House |
| 12:03 | Queue | Archer |
| 12:09 | Queue | Villager (Male) |
| 12:39 | Queue | Villager (Male) |
| 12:45 | Build | Farm |
| 12:52 | Queue | Villager (Male) |
| 12:53 | Queue | Archer |
| 13:09 | Research | Fletching |
| 13:10 | Queue | Villager (Male) |
| 13:23 | Build | Watch Tower |
| 13:23 | Queue | Villager (Male) |
| 13:27 | Build | Farm |
| 13:34 | Queue | Archer |
| 13:42 | Build | Farm |
| 13:48 | Build | Farm |
| 13:51 | Build | Farm |
| 13:52 | Build | Farm |
| 13:55 | Build | Farm |
| 13:57 | Build | Farm |
| 14:01 | Queue | Archer |
| 14:04 | Queue | Villager (Male) |
| 14:12 | Build | House |
| 14:19 | Build | Palisade Wall |
| 14:29 | Queue | Villager (Male) |
| 14:34 | Build | Palisade Wall |
| 14:34 | Build | Palisade Wall |
| 14:35 | Build | Palisade Wall |
| 14:36 | Build | Palisade Wall |
| 14:40 | Queue | Archer |
| 14:41 | Queue | Villager (Male) |
| 14:45 | Build | House |
| 15:04 | Build | Palisade Wall |
| 15:21 | Queue | Archer |
| 15:28 | Queue | Archer |
| 15:41 | Queue | Villager (Male) |
| 15:52 | Queue | Archer |
| 16:27 | Queue | Villager (Male) |
| 16:31 | Build | House |
| 16:32 | Build | House |
| 16:38 | Queue | Archer |
| 16:46 | Build | House |
| 16:56 | Queue | Villager (Male) |
| 17:16 | Build | House |
| 17:17 | Build | House |
| 17:18 | Queue | Villager (Male) |
| 17:31 | Queue | Archer |
| 17:36 | Build | Farm |
| 17:37 | Build | Farm |
| 17:37 | Build | Farm |
| 17:39 | Build | Farm |
| 17:51 | Queue | Villager (Male) |
| 18:01 | Build | Mill |
| 18:06 | Build | House |
| 18:26 | Research | Castle Age |
| 18:43 | Queue | Villager (Male) |
| 18:52 | Queue | Villager (Male) |
| 18:58 | Build | Stable |
| 18:59 | Build | House |
| 19:02 | Queue | Villager (Male) |
| 19:16 | Queue | Archer |
| 19:21 | Queue | Archer |
| 19:41 | Queue | Scout Cavalry |
| 19:47 | Queue | Villager (Male) |
| 19:54 | Build | Lumber Camp |
| 19:57 | Queue | Archer |
| 20:12 | Queue | Archer |
| 20:27 | Build | Mining Camp |
| 20:31 | Research | Horse Collar |
| 20:59 | Queue | Scout Cavalry |
| 21:04 | Queue | Villager (Male) |
| 21:06 | Age | Castle Age |
| 21:06 | Build | Farm |
| 21:09 | Research | Bodkin Arrow |
| 21:12 | Research | Crossbowman (upgrade) |
| 21:19 | Queue | Villager (Male) |
| 21:27 | Build | Siege Workshop |
| 21:49 | Queue | Villager (Male) |
| 21:50 | Queue | Archer |
| 22:18 | Queue | Scout Cavalry |
| 22:21 | Queue | Villager (Male) |
| 22:24 | Queue | Villager (Male) |
| 22:25 | Build | Farm |
| 22:26 | Queue | Villager (Male) |
| 22:27 | Queue | Villager (Male) |
| 22:30 | Queue | Villager (Male) |
| 22:45 | Queue | Villager (Male) |
| 22:52 | Queue | Archer |
| 22:56 | Queue | Mangonel |
| 22:59 | Queue | Villager (Male) |
| 23:01 | Build | House |
| 23:02 | Build | Farm |
Build order — streetpete
First 150 of 874 actions detected
| 0:00 | Queue | Villager (Male) |
| 0:00 | Queue | Villager (Male) |
| 0:01 | Build | House |
| 0:02 | Build | House |
| 0:09 | Queue | Villager (Male) |
| 0:09 | Queue | Villager (Male) |
| 1:29 | Queue | Villager (Male) |
| 1:49 | Build | Lumber Camp |
| 2:02 | Queue | Villager (Male) |
| 2:05 | Queue | Villager (Male) |
| 2:06 | Queue | Villager (Male) |
| 2:40 | Queue | Villager (Male) |
| 3:16 | Queue | Villager (Male) |
| 3:38 | Queue | Villager (Male) |
| 3:41 | Queue | Villager (Male) |
| 3:52 | Build | House |
| 3:58 | Queue | Villager (Male) |
| 4:25 | Queue | Villager (Male) |
| 4:32 | Build | Barracks |
| 4:51 | Build | House |
| 5:11 | Queue | Villager (Male) |
| 5:28 | Queue | Militia |
| 5:29 | Queue | Militia |
| 5:29 | Queue | Militia |
| 5:33 | Queue | Villager (Male) |
| 5:55 | Build | House |
| 5:56 | Build | Palisade Wall |
| 5:58 | Build | Palisade Wall |
| 6:11 | Queue | Villager (Male) |
| 6:37 | Queue | Villager (Male) |
| 6:37 | Queue | Villager (Male) |
| 6:44 | Queue | Villager (Male) |
| 6:51 | Build | Mill |
| 7:12 | Build | House |
| 7:13 | Build | Palisade Wall |
| 7:52 | Queue | Villager (Male) |
| 7:52 | Queue | Villager (Male) |
| 8:13 | Build | House |
| 8:15 | Build | Palisade Wall |
| 8:16 | Build | Palisade Wall |
| 8:29 | Queue | Villager (Male) |
| 8:32 | Research | Loom |
| 9:04 | Research | Feudal Age |
| 9:09 | Build | Mining Camp |
| 9:49 | Build | Palisade Wall |
| 9:50 | Build | Palisade Wall |
| 10:03 | Queue | Villager (Male) |
| 10:07 | Build | Farm |
| 10:41 | Build | Farm |
| 10:59 | Build | Lumber Camp |
| 11:20 | Build | Farm |
| 11:25 | Age | Feudal Age |
| 11:27 | Research | Man-at-Arms (upgrade) |
| 11:27 | Research | Double-Bit Axe |
| 11:33 | Queue | Villager (Male) |
| 11:42 | Build | Watch Tower |
| 11:50 | Build | Archery Range |
| 11:57 | Queue | Villager (Male) |
| 12:19 | Queue | Villager (Male) |
| 12:34 | Build | Farm |
| 12:34 | Queue | Villager (Male) |
| 13:08 | Queue | Skirmisher |
| 13:17 | Build | Blacksmith |
| 13:18 | Build | House |
| 13:23 | Queue | Villager (Male) |
| 13:26 | Build | Farm |
| 13:35 | Build | Farm |
| 13:36 | Build | Farm |
| 13:36 | Build | Farm |
| 13:36 | Build | Farm |
| 13:43 | Queue | Archer |
| 13:44 | Queue | Archer |
| 13:51 | Queue | Villager (Male) |
| 14:06 | Research | Fletching |
| 14:07 | Queue | Archer |
| 14:15 | Build | Farm |
| 14:21 | Queue | Villager (Male) |
| 14:22 | Queue | Villager (Male) |
| 14:22 | Queue | Villager (Male) |
| 14:25 | Build | House |
| 14:26 | Build | House |
| 14:27 | Build | House |
| 14:27 | Build | House |
| 14:44 | Queue | Skirmisher |
| 15:11 | Queue | Archer |
| 15:13 | Queue | Villager (Male) |
| 15:14 | Queue | Villager (Male) |
| 15:14 | Queue | Villager (Male) |
| 15:16 | Build | Farm |
| 15:30 | Build | Farm |
| 15:32 | Build | Farm |
| 15:35 | Build | Farm |
| 15:37 | Build | Farm |
| 15:44 | Queue | Archer |
| 15:46 | Queue | Skirmisher |
| 15:53 | Build | House |
| 15:53 | Build | House |
| 16:00 | Build | Farm |
| 16:14 | Build | House |
| 16:16 | Build | House |
| 16:25 | Queue | Skirmisher |
| 16:32 | Queue | Villager (Male) |
| 16:37 | Build | House |
| 16:44 | Queue | Skirmisher |
| 17:15 | Queue | Villager (Male) |
| 17:24 | Queue | Villager (Male) |
| 17:31 | Queue | Skirmisher |
| 17:38 | Research | Padded Archer Armor |
| 17:39 | Build | House |
| 17:51 | Queue | Spearman |
| 17:56 | Queue | Villager (Male) |
| 17:59 | Build | Farm |
| 18:01 | Build | Farm |
| 18:31 | Build | Farm |
| 18:32 | Queue | Villager (Male) |
| 18:33 | Queue | Skirmisher |
| 19:13 | Queue | Villager (Male) |
| 19:13 | Queue | Skirmisher |
| 19:35 | Research | Gold Mining |
| 19:36 | Queue | Villager (Male) |
| 19:42 | Build | Palisade Wall |
| 19:52 | Build | Palisade Gate |
| 19:58 | Research | Castle Age |
| 19:58 | Research | Castle Age |
| 20:01 | Build | Palisade Wall |
| 20:05 | Build | Lumber Camp |
| 20:14 | Queue | Skirmisher |
| 20:17 | Research | Horse Collar |
| 20:17 | Build | Farm |
| 20:18 | Build | Farm |
| 20:19 | Build | Farm |
| 20:21 | Build | Farm |
| 20:22 | Build | Archery Range |
| 20:42 | Queue | Villager (Male) |
| 20:45 | Build | Farm |
| 21:16 | Build | House |
| 21:18 | Build | House |
| 21:19 | Build | Palisade Wall |
| 21:26 | Queue | Skirmisher |
| 21:26 | Queue | Skirmisher |
| 21:49 | Build | Market |
| 21:54 | Build | House |
| 21:58 | Queue | Skirmisher |
| 21:58 | Queue | Skirmisher |
| 22:42 | Build | Farm |
| 22:43 | Age | Castle Age |
| 22:45 | Research | Elite Skirmisher (upgrade) |
| 22:45 | Research | Bodkin Arrow |
| 22:46 | Research | Bow Saw |
| 22:46 | Research | Bow Saw |
Match timeline
| 3:59 | DK | Mauseren · wall_segment Palisade Wall x1 |
| 4:32 | streetpete · first_building Barracks |
| 5:28 | DK | Mauseren · wall_segment Palisade Wall x1 |
| 5:28 | DK | Mauseren · wall_segment Palisade Wall x1 |
| 5:34 | DK | Mauseren · wall_segment Palisade Wall x1 |
| 5:34 | DK | Mauseren · wall_segment Palisade Wall x1 |
| 5:35 | DK | Mauseren · wall_segment Palisade Wall x1 |
| 5:56 | streetpete · wall_segment Palisade Wall x1 |
| 5:58 | streetpete · wall_segment Palisade Wall x4 |
| 6:35 | DK | Mauseren · wall_segment Palisade Wall x1 |
| 6:36 | DK | Mauseren · wall_segment Palisade Wall x1 |
| 6:36 | DK | Mauseren · wall_segment Palisade Wall x1 |
| 7:13 | streetpete · wall_segment Palisade Wall x14 |
| 7:46 | DK | Mauseren · first_building Barracks |
| 8:15 | streetpete · wall_segment Palisade Wall x5 |
| 8:16 | streetpete · wall_segment Palisade Wall x12 |
| 8:54 | DK | Mauseren · wall_segment Palisade Wall x1 |
| 9:15 | DK | Mauseren · age_up feudal |
| 9:16 | DK | Mauseren · first_building Archery Range |
| 9:49 | streetpete · wall_segment Palisade Wall x1 |
| 9:50 | streetpete · wall_segment Palisade Wall x7 |
| 11:25 | streetpete · age_up feudal |
| 11:50 | streetpete · first_building Archery Range |
| 14:19 | DK | Mauseren · wall_segment Palisade Wall x5 |
| 14:34 | DK | Mauseren · wall_segment Palisade Wall x1 |
| 14:34 | DK | Mauseren · wall_segment Palisade Wall x1 |
| 14:35 | DK | Mauseren · wall_segment Palisade Wall x1 |
| 14:36 | DK | Mauseren · wall_segment Palisade Wall x1 |
| 15:04 | DK | Mauseren · wall_segment Palisade Wall x1 |
| 18:58 | DK | Mauseren · first_building Stable |
| 19:42 | streetpete · wall_segment Palisade Wall x1 |
| 20:01 | streetpete · wall_segment Palisade Wall x1 |
| 21:06 | DK | Mauseren · age_up castle |
| 21:19 | streetpete · wall_segment Palisade Wall x1 |
| 21:27 | DK | Mauseren · first_building Siege Workshop |
| 22:43 | streetpete · age_up castle |
| 23:41 | streetpete · first_building Siege Workshop |
| 25:35 | DK | Mauseren · first_market_sell 100 wood |
| 25:36 | DK | Mauseren · first_market_buy 100 stone |
| 28:46 | streetpete · first_building Stable |
| 31:51 | streetpete · first_market_sell 100 wood |
| 35:06 | DK | Mauseren · first_building Monastery |
| 35:16 | streetpete · first_building Castle |
| 36:42 | streetpete · first_market_buy 100 food |
| 38:43 | DK | Mauseren · age_up imperial |
| 38:49 | DK | Mauseren · first_building Castle |
| 45:06 | streetpete · first_building Monastery |
| 49:49 | streetpete · age_up imperial |
| 55:51 | streetpete · wall_segment Palisade Wall x1 |
| 55:54 | streetpete · wall_segment Palisade Wall x1 |
| 56:05 | streetpete · wall_segment Palisade Wall x1 |
| 66:29 | DK | Mauseren · resign |
[ AI ANALYSIS · 1 CREDIT ]
What really happened in this match?
Wolo.gg analyzes every decision: build order, eco, micro, common mistakes by bracket. Personalized analysis on WhatsApp or Discord in 30 seconds.
Civ guide
Turks
Perfil
Jugador #10840748